 Dungeon Sprint DCSS version 0.27.1 (webtiles) character file.

Game seed: 952231395591631586

1194 Dadi the Cleaver (level 8, -1/111 HPs)
             Began as a Demonspawn Berserker on Aug 28, 2021.
             Was an Elder of Trog.
             Slain by Sonja (3 damage)
             ... in the Dungeon (Sprint I: "Red Sonja").
             The game lasted 00:05:23 (1023 turns).

Dadi the Cleaver (Demonspawn Berserker)             Turns: 1023, Time: 00:05:23

Health: -1/111     AC:  4    Str: 17    XL:     8   Next: 20%
Magic:  8/8        EV: 12    Int:  9    God:    Trog [****..]
Gold:   405        SH:  0    Dex: 15    Spells: 7/7 levels left

rFire    . . .     SeeInvis .   a - +0 hand axe
rCold    . . .     Faith    .   (no shield)
rNeg     + . .     Spirit   .   j - +0 leather armour
rPois    .         Reflect  .   (helmet restricted)
rElec    .         Harm     .   l - +0 cloak
rCorr    .         Rampage  .   (no gloves)
Will     .....     NoTele   +   (no boots)
Stlth    ..........             (no amulet)
HPRegen  0.28/turn              k - ring of positive energy
MPRegen  0.11/turn              (no ring)

@: berserking, very quick
A: horns 1, demonic guardian 1, powered by pain 2
a: Renounce Religion, Berserk, Trog's Hand, Brothers in Arms


You were in the Dungeon.
You worshipped Trog.
Trog was greatly pleased with you.
You visited 1 branch You collected 405 gold pieces.

Inventory:

Hand Weapons
 a - a +0 hand axe (weapon)
Armour
 b - a +0 animal skin
 j - a +0 leather armour (worn)
 l - a +0 cloak (worn)
Jewellery
 k - a ring of positive energy (left hand)
Wands
 i - a wand of flame (23)
Scrolls
 h - a scroll of blinking
Potions
 c - a potion of curing
 d - a potion of heal wounds
 e - a potion of haste
 f - 2 potions of magic
 g - a potion of berserk rage


   Skills:
 + Level 10.9 Fighting
 * Level 13.4 Axes
 - Level 1.7 Armour
 - Level 1.7 Dodging


You had 7 spell levels left.
You didn't know any spells.
Your spell library was empty.

Dungeon Overview and Level Annotations

Branches:
Dungeon (1/1)

Altars:
Cheibriados
Dithmenos
Elyvilon
Fedhas
Gozag
Hepliaklqana
Kikubaaqudgha
Makhleb
Nemelex Xobeh
Okawaru
Qazlal
Ru
Sif Muna
Trog
Uskayaw
Vehumet
Wu Jian
Xom
Yredelemnul
Zin
The Shining One
Jiyva
Lugonu

Shops:
D =

Annotations:
D Sonja


Innate Abilities, Weirdness & Mutations

You have a pair of small horns on your head.
A weak demonic guardian rushes to your aid.
You sometimes gain power by taking damage.


Message History

You open the door.
Sonja, the Graceful Assassin comes into view.
She is wielding a +4 short sword of distortion and quivering curare-tipped darts.
Sonja drinks a potion.
Sonja suddenly seems more resistant.
Found 108 gold pieces.
Sonja throws a curare-tipped dart.
The curare-tipped dart barely misses you.
Sonja throws a curare-tipped dart.
The curare-tipped dart closely misses you.
There is an open door, spattered with blood here.
You close the door.
You start waiting.
Sonja, the Graceful Assassin opens the door.
She is wielding a +4 short sword of distortion and quivering curare-tipped darts.
Sonja barely misses you.
Sonja hits you with a +4 short sword of distortion.
Space warps horribly around you!
A demonic guardian appears!
Sonja hits you with a +4 short sword of distortion.
Space bends around you.
There is an open door, spattered with blood here.
A red film seems to cover your vision as you go berserk!
You feel yourself moving faster!
You feel mighty!
Sonja hits you with a +4 short sword of distortion!
Space bends around you.
Sonja hits you with a +4 short sword of distortion.
Space bends around you. Sonja closely misses you.
Sonja hits you with a +4 short sword of distortion!
Sonja barely misses you.
Sonja hits you with a +4 short sword of distortion.
* * * LOW HITPOINT WARNING * * *
You barely miss Sonja. You miss Sonja. Your headbutt misses Sonja.
Sonja hits you with a +4 short sword of distortion!
* * * LOW HITPOINT WARNING * * *
Sonja closely misses you.
Sonja hits you with a +4 short sword of distortion.
* * * LOW HITPOINT WARNING * * *
Space warps horribly around you!
* * * LOW HITPOINT WARNING * * *
You completely miss Sonja. Your headbutt misses Sonja.
Sonja hits you with a +4 short sword of distortion.
You die...

##########################
#<.#..)..#..'..#__#..')..#
#..').#..').#..'^.'..#)..#
#..#####'#####'#__####...+
#..####..#...#)#### #####
#..#__####..##.#
#..#_____##'#_.+
#⌠⌠#_.∩...@5.._#
####_..__##K.#'#
#_____###'#.# #######
#.### $.$ $.$# ##.## #+#


You could see Sonja (resistant, ally target) and a friendly iron imp (summoned).

Vanquished Creatures
  2 kobold demonologists (D)
  A slime creature (D)
  Sigmund (D)
  A yak (D)
  A floating eye (D)
  A jelly (D)
  Ijyb (D)
8 creatures vanquished.

Vanquished Creatures (collateral kills)
  An ogre (D)
1 creature vanquished.

Grand Total: 9 creatures vanquished

Notes
Turn   | Place    | Note
-------+----------+-------------------------------------------
     0 | D        | Dadi the Demonspawn Berserker began the quest for the Orb.
     0 | D        | Reached XP level 1. HP: 18/18 MP: 1/1
     2 | D        | Noticed Ijyb
     8 | D        | Killed Ijyb
     9 | D        | Reached skill level 5 in Axes
     9 | D        | Gained mutation: A weak demonic guardian rushes to your
                  | aid. [demonic ancestry]
     9 | D        | Reached XP level 2. HP: 15/26 MP: 2/2
   196 | D        | Noticed an ogre
   202 | D        | Killed an ogre
   203 | D        | Reached skill level 7 in Axes
   203 | D        | Gained mutation: You sometimes gain a little power by
                  | taking damage. [demonic ancestry]
   203 | D        | Reached XP level 3. HP: 20/34 MP: 3/3
   203 | D        | Reached XP level 4. HP: 24/40 MP: 4/4
   383 | D        | Noticed Sigmund
   394 | D        | Killed Sigmund
   394 | D        | Reached ** piety under Trog
   395 | D        | Reached skill level 9 in Axes
   395 | D        | Gained mutation: You sometimes gain power by taking damage.
                  | [demonic ancestry]
   395 | D        | Reached XP level 5. HP: 49/49 MP: 5/5
   497 | D        | Found an ornate altar of the Wu Jian Council.
   497 | D        | Found a shimmering blue altar of Sif Muna.
   499 | D        | Found a radiant altar of Vehumet.
   505 | D        | Reached XP level 6. HP: 56/56 MP: 6/6
   554 | D        | Found Mampim's Jewellery Emporium.
   554 | D        | Found an ancient bone altar of Kikubaaqudgha.
   554 | D        | Found a hazy altar of Hepliaklqana.
   554 | D        | Found a hide-covered altar of Uskayaw.
   554 | D        | Found a basalt altar of Yredelemnul.
   554 | D        | Found an opulent altar of Gozag.
   554 | D        | Found a snail-covered altar of Cheibriados.
   554 | D        | Found a sacrificial altar of Ru.
   554 | D        | Found a shadowy altar of Dithmenos.
   554 | D        | Noticed a yak
   561 | D        | Killed a yak
   562 | D        | Reached skill level 10 in Axes
   562 | D        | Found a stormy altar of Qazlal.
   562 | D        | Found a blossoming altar of Fedhas.
   562 | D        | Found a bloodstained altar of Trog.
   562 | D        | Found an iron altar of Okawaru.
   564 | D        | Found a sparkling altar of Nemelex Xobeh.
   615 | D        | Found a burning altar of Makhleb.
   615 | D        | Found a viscous altar of Jiyva.
   615 | D        | Found a shimmering altar of Xom.
   615 | D        | Found a corrupted altar of Lugonu.
   615 | D        | Noticed a slime creature
   622 | D        | Killed a slime creature
   622 | D        | Reached *** piety under Trog
   623 | D        | Reached skill level 11 in Axes
   623 | D        | Reached XP level 7. HP: 56/64 MP: 7/7
   762 | D        | Noticed a kobold demonologist
   762 | D        | Noticed a kobold demonologist
   767 | D        | Reached skill level 12 in Axes
   772 | D        | Noticed a chaos spawn
   774 | D        | Noticed a sixfirhy
   776 | D        | Noticed an orange demon
   778 | D        | Noticed a neqoxec
   782 | D        | Killed a kobold demonologist
   783 | D        | Reached skill level 10 in Fighting
   789 | D        | Noticed a sun demon
   791 | D        | Killed a kobold demonologist
   791 | D        | Reached **** piety under Trog
   792 | D        | Reached skill level 13 in Axes
   792 | D        | Gained mutation: You have a pair of small horns on your
                  | head. [demonic ancestry]
   792 | D        | Reached XP level 8. HP: 40/74 MP: 8/8
  1013 | D        | Noticed Sonja
  1022 | D        | HP: 1/111 [Sonja (13)]
  1023 | D        | Slain by Sonja

Illustrated notes

Levels and vault maps discovered:
D:        dungeon_sprint_1 [red_sonja_temple_1, red_sonja_temple_small_1]

Skill      XL: |  1  2  3  4  5  6  7 |
---------------+----------------------+-----
Fighting       | 4 6 7 9 10 | 10.9
Axes           | 5 7 9 11 13 | 13.4
Armour         | |  1.7
Dodging        | |  1.7

Action                   |  1- 3 |  4- 6 |  7- 9 || total
-------------------------+-------+-------+-------++-------
Melee: Hand axe          |     9 |    22 |    30 ||    61
Invok: Berserk           |     2 |     4 |     2 ||     8
Armor: Leather armour    |       |       |     3 ||     3
Dodge: Dodged            |     3 |     2 |    12 ||    17
